 Dungeon Crawl Stone Soup version 0.26-a0-651-gb41185065b (webtiles) character file.

Game seed: 16886166717166360553

4899 miket3c the Cleaver (level 10, -6/86 HPs)
             Began as a Minotaur Berserker on Oct 1, 2020.
             Was a High Priest of Trog.
             Mangled by a two-headed ogre
             ... wielding a +0 dire flail
              (10 damage)
             ... on level 10 of the Dungeon.
             The game lasted 00:19:46 (9080 turns).

miket3c the Cleaver (Minotaur Berserker)            Turns: 9080, Time: 00:19:47

Health: -6/86      AC: 16    Str: 25    XL:     10   Next: 27%
Magic:  9/9        EV:  8    Int:  4    God:    Trog [*****.]
Gold:   519        SH:  0    Dex: 10    Spells: 9/9 levels left

rFire    . . .     SeeInvis .   O - +0 war axe
rCold    + . .     Faith    .   (no shield)
rNeg     . . .     Spirit   .   f - +0 plate armour
rPois    .         Reflect  .   (helmet restricted)
rElec    .         Harm     .   K - +0 cloak
rCorr    .         Rampage  .   n - +0 pair of gloves
MR       .....                  (no boots)
Stlth    ..........             (no amulet)
HPRegen  0.24/turn              i - ring of stealth
MPRegen  0.11/turn              m - ring of protection from cold

@: berserk cooldown, hasted and slowed
A: retaliatory headbutt, horns 2
a: Berserk, Trog's Hand, Brothers in Arms, Renounce Religion


You were on level 10 of the Dungeon.
You worshipped Trog.
Trog was extremely pleased with you.
You visited 1 branch of the dungeon, and saw 10 of its levels.

You collected 519 gold pieces.

Inventory:

Hand Weapons
 a - a +0 hand axe
 G - a +0 hand axe of electrocution
 O - a +0 war axe (weapon)
Missiles
 e - 344 stones
 x - 51 poisoned darts (quivered)
 I - 6 javelins
Armour
 b - a +0 animal skin
 d - a +0 leather armour
 f - a +0 plate armour (worn)
 n - a +0 pair of gloves (worn)
 K - a +0 cloak (worn)
Jewellery
 i - a ring of stealth (left hand)
 m - a ring of protection from cold (right hand)
 p - a cursed ring of teleportation
 H - an uncursed amulet of inaccuracy
Wands
 C - a wand of iceblast (9)
 L - a wand of flame (12)
 M - a wand of disintegration (30)
 Q - a wand of enslavement (11)
 R - a wand of digging (9)
Scrolls
 c - 2 scrolls of blinking {unknown}
 g - 6 scrolls of remove curse
 q - 2 scrolls of immolation {unknown}
 r - 3 scrolls of enchant weapon {unknown}
 s - a scroll of noise {unknown}
 t - 5 scrolls of identify
 v - 4 scrolls of magic mapping {unknown}
 y - 5 scrolls of teleportation
 B - 2 scrolls of fog {unknown}
 E - 2 scrolls of amnesia
 F - 2 scrolls of enchant armour {unknown}
 S - a scroll of brand weapon {unknown}
Potions
 h - 2 potions of mutation {unknown}
 j - 2 potions of invisibility {unknown}
 k - a potion of stabbing {unknown}
 l - 3 potions of flight {unknown}
 o - a potion of cancellation {unknown}
 u - 3 potions of haste
 w - a potion of berserk rage {unknown}
 z - 2 potions of lignification {unknown}
 A - 7 potions of curing {unknown}
 D - 2 potions of heal wounds {unknown}
 J - 2 potions of brilliance {unknown}
 N - a potion of degeneration {unknown}
 P - a potion of magic {unknown}
 T - a potion of ambrosia {unknown}


   Skills:
 + Level 7.3 Fighting
 * Level 14.3 Axes
 + Level 8.6 Armour
 + Level 3.0 Dodging


You had 9 spell levels left.
You didn't know any spells.
Your spell library was empty.

Dungeon Overview and Level Annotations

Branches:
Dungeon (10/15)            Temple (0/1) D:6            Lair (0/6) D:8
    Orc: D:9-12

Altars:
Cheibriados
Dithmenos
Elyvilon
Gozag
Kikubaaqudgha
Uskayaw
Vehumet
Xom

Shops:
D:10 *

Annotations:
D:8 Lair here


Innate Abilities, Weirdness & Mutations

You reflexively headbutt those who attack you in melee.
You have a pair of horns on your head.


Message History

A red film seems to cover your vision as you go berserk!
You feel yourself moving faster!
You feel mighty!
A two-headed ogre comes into view.
It is wielding a +0 dire flail and a +0 giant club.
The troll closely misses you. The troll claws you but does no damage.
The troll barely misses you.
You slash the troll!
You kill the troll!
Trog accepts your kill.
You feel a strong urge to attack something.
You feel your anger nearly subside.
You are no longer berserk.
You are exhausted.
You feel yourself slow down.
Found 9 gold pieces.
The two-headed ogre hits you with a +0 dire flail!
* * * LOW HITPOINT WARNING * * *
The two-headed ogre barely misses you.
The two-headed ogre barely misses you. x2
It was a potion of haste.
You feel yourself speed up.
The two-headed ogre hits you with a +0 dire flail!
You die...

########## #.$......######
#.............# #.............#
##### ########.......O@.>..#
#.... .....................#
#....
.....................########....
..........########...............
..........#......'...............
..........#......#.............##
..........#......#.............#
.###......########..........)..#
#...............:........)..#


You could see a two-headed ogre.

Vanquished Creatures
  An elephant (D:8)
  A troll (D:10)
  A hippogriff (D:8)
  A vampire (D:10)
  3 orc warriors
  2 water moccasins (D:5)
  4 ice beasts
  2 phantoms
  A necrophage (D:9)
  An eye of draining (D:10)
  A sky beast (D:9)
  6 ogres
  A centaur (D:9)
  2 crocodiles (D:8)
  2 big kobolds (D:9)
  4 bullfrogs
  4 scorpions
  A water moccasin skeleton (D:9)
  A howler monkey (D:8)
  A quasit (D:9)
  2 centaur skeletons
  A jelly (D:5)
  A bullfrog zombie (D:6)
  5 orc priests
  Crazy Yiuf (D:6)
  7 hounds
  6 orc wizards
  3 bullfrog skeletons
  2 iguanas
  5 worker ants
  2 howler monkey zombies
  2 worker ant zombies
  A howler monkey skeleton (D:10)
  10 adders
  2 shadow imps
  3 white imps
  3 ufetubi
  2 adder skeletons
  A worm (D:3)
  3 dart slugs
  6 leopard geckos
  37 orcs
  9 bats
  9 giant cockroaches
  12 goblins
  10 hobgoblins
  2 jackals (D:8)
  19 kobolds
  6 quokkas
  5 ball pythons
  8 frilled lizards
  A leopard gecko skeleton (D:8)
  2 leopard gecko zombies
  9 rats
237 creatures vanquished.

Vanquished Creatures (collateral kills)
  An orc (D:9)
1 creature vanquished.

Vanquished Creatures (others)
  A fungus (D:8)
1 creature vanquished.

Grand Total: 239 creatures vanquished

Notes
Turn   | Place    | Note
-------+----------+-------------------------------------------
     0 | D:1      | miket3c the Minotaur Berserker began the quest for the Orb.
     0 | D:1      | Reached XP level 1. HP: 19/19 MP: 0/0
   169 | D:1      | Reached XP level 2. HP: 27/27 MP: 1/1
   178 | D:1      | Reached skill level 4 in Axes
   680 | D:1      | Reached XP level 3. HP: 33/33 MP: 2/2
   951 | D:1      | Reached ** piety under Trog
  1403 | D:2      | Reached skill level 5 in Axes
  1550 | D:2      | Reached XP level 4. HP: 34/40 MP: 3/3
  1756 | D:2      | Found a faded altar of an unknown god.
  1756 | D:2      | Found a faded altar of an unknown god.
  1788 | D:2      | Found a shimmering altar of Xom.
  1790 | D:2      | Found a radiant altar of Vehumet.
  1792 | D:2      | Found a white marble altar of Elyvilon.
  2328 | D:3      | Found an ancient bone altar of Kikubaaqudgha.
  2851 | D:4      | Reached skill level 6 in Axes
  2851 | D:4      | Reached XP level 5. HP: 36/46 MP: 4/4
  2922 | D:4      | Noticed a phantom
  2953 | D:4      | Killed a phantom
  2953 | D:4      | Reached XP level 6. HP: 48/53 MP: 5/5
  3055 | D:4      | Reached *** piety under Trog
  3139 | D:4      | Reached skill level 7 in Axes
  3296 | D:4      | Found an opulent altar of Gozag.
  3360 | D:5      | Entered Level 5 of the Dungeon
  3421 | D:5      | Noticed a water moccasin
  3432 | D:5      | Killed a water moccasin
  3574 | D:5      | Noticed a water moccasin
  3588 | D:5      | Killed a water moccasin
  3588 | D:5      | Reached skill level 8 in Axes
  3588 | D:5      | Reached XP level 7. HP: 35/60 MP: 6/6
  4001 | D:5      | Found a shadowy altar of Dithmenos.
  4011 | D:5      | Reached skill level 5 in Armour
  4092 | D:5      | Reached skill level 5 in Fighting
  4097 | D:5      | Reached skill level 9 in Axes
  5056 | D:6      | Reached XP level 8. HP: 63/68 MP: 7/7
  5083 | D:6      | Noticed a +0 dagger
  5083 | D:6      | Noticed a +0 hand axe
  5087 | D:6      | Found a hide-covered altar of Uskayaw.
  5215 | D:6      | Reached skill level 10 in Axes
  5273 | D:6      | Found a staircase to the Ecumenical Temple.
  5563 | D:6      | Found a runed translucent door.
  5564 | D:6      | Noticed Crazy Yiuf
  5714 | D:6      | Reached skill level 11 in Axes
  5790 | D:6      | Killed Crazy Yiuf
  6001 | D:7      | Reached **** piety under Trog
  6311 | D:7      | Reached XP level 9. HP: 42/75 MP: 8/8
  6316 | D:7      | Reached skill level 12 in Axes
  6992 | D:8      | Noticed an elephant
  6993 | D:8      | Found a staircase to the Lair.
  6998 | D:8      | Killed an elephant
  7061 | D:8      | Reached skill level 13 in Axes
  7361 | D:8      | Found a snail-covered altar of Cheibriados.
  8080 | D:9      | Reached XP level 10. HP: 71/86 MP: 9/9
  8372 | D:9      | Reached ***** piety under Trog
  8417 | D:9      | Reached skill level 14 in Axes
  8742 | D:10     | Entered Level 10 of the Dungeon
  8749 | D:10     | Found a white marble altar of Elyvilon.
  8872 | D:10     | Found Seowirac's Assorted Antiques.
  9063 | D:10     | Noticed a two-headed ogre
  9077 | D:10     | HP: 3/86 [two-headed ogre/+0 dire flail (15)]
  9080 | D:10     | Mangled by a two-headed ogre

Illustrated notes

Levels and vault maps discovered:
D:1:      giann_bridges, layout_basic, kennysheep_small_spiral
D:2:      cheibrodos_helix_gallery, layout_loops_ring,
          chequers_temple_overflow_minitemple, hangedman_feature_mirror
D:3:      layout_loops_ring, kiku_gazebo_pond_becter
D:4:      layout_basic, grunt_gozag_statues
D:5:      layout_rooms, nicolae_dithmenos_the_darkroom
D:6:      layout_basic, dancing_weapons_uskayaw,
          minmay_temple_entry_proselytizer, uniq_crazy_yiuf_cottage
D:7:      layout_rooms
D:8:      layout_cave_pools, cheibriados_altar_1, david_lair_generic
D:9:      layout_roguey, enter_bailey_3
D:10:     layout_irregular_city, serial_shops, kennysheep_mini, basic_altar

Skill      XL: |  1  2  3  4  5  6  7  8  9 10 |
---------------+-------------------------------+-----
Axes           | 4 5 6 8 9 11 13 14 | 14.3
Fighting       | 4 5 7 |  7.3
Armour         | 3 4 5 6 8 |  8.6
Dodging        | 3 |  3.0

Action                   |  1- 3 |  4- 6 |  7- 9 | 10-12 || total
-------------------------+-------+-------+-------+-------++-------
Melee: Hand axe          |   117 |   174 |   166 |       ||   457
       Headbutt          |    12 |    20 |    56 |    14 ||   102
       War axe           |       |       |   130 |    86 ||   216
Throw: Dart              |       |       |    18 |    10 ||    28
Invok: Berserk           |       |       |     5 |     1 ||     6
       Trog's Hand       |       |       |     4 |       ||     4
       Brothers in Arms  |       |       |     1 |       ||     1
  Use: Scroll            |       |     4 |     3 |       ||     7
       Potion            |       |       |       |     1 ||     1
Armor: Plate armour      |    77 |   109 |   174 |    55 ||   415
       Animal skin       |     1 |       |       |       ||     1
Dodge: Dodged            |    51 |    62 |    90 |    47 ||   250

Table legend: (Time is in decaauts)
 A = Elapsed time spent in this place.
 B = Non-inter-level travel time spent in this place.
 C = Inter-level travel time spent in this place.
 D = Time resting spent in this place.
 E = Time spent auto-exploring this place.
 F = Levels seen in this place.
 G = Mean time per level.
                   A        B        C        D        E       F      G
               +--------+--------+--------+--------+--------+-----+--------+
         Total |   9057 |   8818 |    239 |   2458 |   4956 |  10 |  905.7 |
       Dungeon |   9057 |   8818 |    239 |   2458 |   4956 |  10 |  905.7 |
               +--------+--------+--------+--------+--------+-----+--------+

Top non-repeatable levels by time:
     D:5: 1688 daAuts
     D:1: 1245 daAuts
     D:7: 1095 daAuts
     D:9: 973 daAuts
     D:2: 894 daAuts
     D:8: 809 daAuts
     D:6: 785 daAuts
     D:3: 662 daAuts
     D:4: 568 daAuts
    D:10: 335 daAuts
